[ AOE2 MATCH · #476853069 ]
Team RMPersians vs Britons
[ REPLAY ANALYSIS · EXTRACTED FROM THE RECORDED GAME ]
Feudal
10:13
Castle
20:35
Imperial
—
| APM avg | 9.5 |
| APM peak | 31 |
| eAPM avg | 7.6 |
| Villagers / military | 72 / 4 |
Focus
⚔️ 14.2% · 🌾 85.8%
Trade Cart ×8 · Knight ×4
Feudal
—
Castle
—
Imperial
—
| APM avg | 13.2 |
| APM peak | 46 |
| eAPM avg | 8.3 |
| Villagers / military | 62 / 14 |
Focus
⚔️ 11.5% · 🌾 88.5%
Conquistador ×14
Feudal
—
Castle
—
Imperial
—
| APM avg | 12.0 |
| APM peak | 69 |
| eAPM avg | 11.4 |
| Villagers / military | 85 / 8 |
Focus
⚔️ 7.4% · 🌾 92.6%
Skirmisher ×7 · Battering Ram ×1
Feudal
17:19
Castle
22:04
Imperial
—
| APM avg | 10.4 |
| APM peak | 34 |
| eAPM avg | 5.6 |
| Villagers / military | 50 / 2 |
Focus
⚔️ 8.5% · 🌾 91.5%
Mangonel ×2
Feudal
10:23
Castle
16:43
Imperial
—
| APM avg | 12.9 |
| APM peak | 40 |
| eAPM avg | 9.1 |
| Villagers / military | 84 / 46 |
Focus
⚔️ 18.6% · 🌾 81.4%
Organ Gun ×43 · Petard ×3
Feudal
11:40
Castle
—
Imperial
—
| APM avg | 6.2 |
| APM peak | 25 |
| eAPM avg | 5.0 |
| Villagers / military | 55 / 0 |
Focus
⚔️ 5.4% · 🌾 94.6%
Feudal
10:36
Castle
21:39
Imperial
—
| APM avg | 9.5 |
| APM peak | 33 |
| eAPM avg | 6.5 |
| Villagers / military | 44 / 35 |
Focus
⚔️ 10.5% · 🌾 89.5%
Longbowman ×35 · Trade Cart ×5
Feudal
10:58
Castle
19:05
Imperial
—
| APM avg | 6.7 |
| APM peak | 30 |
| eAPM avg | 4.9 |
| Villagers / military | 44 / 10 |
Focus
⚔️ 12.1% · 🌾 87.9%
Scout Cavalry ×6 · Monk ×2 · Battering Ram ×2
Match map
Resources at game start + every placement click. Thick line = wall · dashed box = detected house wall. 🟡 gold · ⚪ stone · 🟢 berries · 🔶 boar · ⭕ relic
Inputs per minute
— kenyi.yoshino - - Bebito6662726
Build order — kenyi.yoshino
150 actions detected in the replay
| 0:03 | Create | Villager (Male) |
| 0:04 | Create | Villager (Male) |
| 0:07 | Build | House |
| 0:37 | Create | Villager (Male) |
| 0:38 | Create | Villager (Male) |
| 0:38 | Create | Villager (Male) |
| 0:38 | Create | Villager (Male) |
| 1:34 | Build | House |
| 1:42 | Create | Villager (Male) |
| 1:42 | Create | Villager (Male) |
| 2:27 | Build | House |
| 2:31 | Create | Villager (Male) |
| 2:32 | Create | Villager (Male) |
| 2:56 | Create | Villager (Male) |
| 3:20 | Build | Lumber Camp |
| 3:26 | Create | Villager (Male) |
| 3:44 | Create | Villager (Male) |
| 4:45 | Create | Villager (Male) |
| 4:45 | Create | Villager (Male) |
| 4:45 | Create | Villager (Male) |
| 4:46 | Create | Villager (Male) |
| 5:27 | Create | Villager (Male) |
| 5:27 | Create | Villager (Male) |
| 5:44 | Build | Mill |
| 6:31 | Create | Villager (Male) |
| 6:31 | Create | Villager (Male) |
| 6:31 | Create | Villager (Male) |
| 6:39 | Build | House |
| 7:21 | Create | Villager (Male) |
| 7:22 | Create | Villager (Male) |
| 7:40 | Create | Villager (Male) |
| 7:40 | Create | Villager (Male) |
| 8:03 | Research | Feudal Age |
| 8:42 | Build | Farm |
| 9:00 | Create | Villager (Male) |
| 9:00 | Create | Villager (Male) |
| 9:00 | Create | Villager (Male) |
| 9:17 | Create | Villager (Male) |
| 9:29 | Build | Farm |
| 9:33 | Build | Farm |
| 10:13 | Age | Feudal Age |
| 10:17 | Build | Farm |
| 10:21 | Research | Horse Collar |
| 10:23 | Research | Double-Bit Axe |
| 10:33 | Research | Wheelbarrow |
| 10:51 | Build | Farm |
| 11:04 | Create | Villager (Male) |
| 11:04 | Create | Villager (Male) |
| 11:04 | Create | Villager (Male) |
| 11:29 | Build | Farm |
| 11:37 | Build | Farm |
| 11:47 | Build | Farm |
| 11:56 | Build | Farm |
| 12:01 | Build | Farm |
| 12:12 | Build | Farm |
| 12:16 | Create | Villager (Male) |
| 12:16 | Create | Villager (Male) |
| 12:17 | Create | Villager (Male) |
| 12:28 | Create | Villager (Male) |
| 13:03 | Build | House |
| 13:08 | Build | House |
| 13:10 | Build | House |
| 13:45 | Build | Farm |
| 13:55 | Build | Farm |
| 14:12 | Build | Farm |
| 14:15 | Build | Farm |
| 14:49 | Build | Farm |
| 15:02 | Build | Market |
| 15:10 | Build | Blacksmith |
| 15:19 | Create | Villager (Male) |
| 15:20 | Create | Villager (Male) |
| 15:21 | Create | Villager (Male) |
| 15:38 | Create | Villager (Male) |
| 15:38 | Create | Villager (Male) |
| 15:54 | Build | Mining Camp |
| 16:03 | Research | Scale Barding Armor |
| 16:27 | Create | Villager (Male) |
| 16:53 | Create | Villager (Male) |
| 16:57 | Research | Forging |
| 17:12 | Research | Gold Mining |
| 18:10 | Research | Castle Age |
| 18:47 | Create | Villager (Male) |
| 18:47 | Create | Villager (Male) |
| 18:47 | Create | Villager (Male) |
| 18:47 | Create | Villager (Male) |
| 18:56 | Create | Trade Cart |
| 18:56 | Create | Trade Cart |
| 19:13 | Create | Villager (Male) |
| 19:14 | Create | Villager (Male) |
| 19:32 | Build | Barracks |
| 19:55 | Build | House |
| 20:13 | Research | Padded Archer Armor |
| 20:14 | Research | Scale Mail Armor |
| 20:15 | Research | Fletching |
| 20:33 | Create | Villager (Male) |
| 20:35 | Age | Castle Age |
| 20:38 | Research | Hand Cart |
| 20:47 | Research | Heavy Plow |
| 20:55 | Research | Bow Saw |
| 21:00 | Create | Villager (Male) |
| 21:26 | Build | House |
| 21:28 | Build | House |
| 21:29 | Build | House |
| 21:30 | Build | House |
| 21:33 | Build | House |
| 21:42 | Build | Mining Camp |
| 21:49 | Build | Farm |
| 22:05 | Research | Caravan |
| 22:06 | Create | Trade Cart |
| 22:12 | Create | Trade Cart |
| 22:18 | Create | Villager (Male) |
| 22:18 | Create | Villager (Male) |
| 22:19 | Create | Villager (Male) |
| 22:19 | Create | Villager (Male) |
| 22:54 | Research | Gold Shaft Mining |
| 23:07 | Create | Villager (Male) |
| 24:07 | Build | Stable |
| 24:36 | Create | Villager (Male) |
| 24:36 | Create | Villager (Male) |
| 24:56 | Build | Stable |
| 25:00 | Research | Husbandry |
| 25:00 | Research | Bloodlines |
| 25:29 | Create | Trade Cart |
| 25:29 | Create | Trade Cart |
| 25:32 | Research | Chain Barding Armor |
| 25:56 | Build | Monastery |
| 26:20 | Create | Villager (Male) |
| 26:20 | Create | Villager (Male) |
| 26:21 | Create | Villager (Male) |
| 26:21 | Create | Villager (Male) |
| 26:48 | Build | Town Center |
| 26:53 | Create | Villager (Male) |
| 26:54 | Create | Villager (Male) |
| 26:54 | Create | Villager (Male) |
| 27:17 | Build | University |
| 27:32 | Create | Villager (Male) |
| 27:47 | Research | Stone Mining |
| 27:59 | Create | Trade Cart |
| 28:00 | Create | Trade Cart |
| 28:22 | Research | Imperial Age |
| 28:31 | Build | Farm |
| 28:54 | Create | Villager (Male) |
| 28:54 | Create | Villager (Male) |
| 28:54 | Create | Villager (Male) |
| 28:54 | Create | Villager (Male) |
| 28:55 | Create | Villager (Male) |
| 29:08 | Create | Knight |
| 29:08 | Create | Knight |
| 29:08 | Create | Knight |
| 29:09 | Create | Knight |
Build order — Bebito6662726
140 actions detected in the replay
| 0:04 | Build | House |
| 0:08 | Build | House |
| 0:12 | Create | Villager (Male) |
| 0:13 | Create | Villager (Male) |
| 0:13 | Create | Villager (Male) |
| 0:13 | Create | Villager (Male) |
| 0:13 | Create | Villager (Male) |
| 0:14 | Create | Villager (Male) |
| 1:55 | Create | Villager (Male) |
| 2:26 | Create | Villager (Male) |
| 2:53 | Build | Lumber Camp |
| 3:03 | Create | Villager (Male) |
| 3:03 | Create | Villager (Male) |
| 3:23 | Create | Villager (Male) |
| 4:32 | Create | Villager (Male) |
| 4:34 | Create | Villager (Male) |
| 4:34 | Create | Villager (Male) |
| 4:48 | Build | House |
| 5:37 | Build | Mill |
| 5:57 | Create | Villager (Male) |
| 5:57 | Create | Villager (Male) |
| 6:51 | Create | Villager (Male) |
| 7:22 | Create | Villager (Male) |
| 7:55 | Research | Feudal Age |
| 8:17 | Create | Villager (Male) |
| 8:17 | Create | Villager (Male) |
| 8:30 | Build | House |
| 9:22 | Build | Barracks |
| 9:30 | Create | Villager (Male) |
| 9:31 | Create | Villager (Male) |
| 9:31 | Create | Villager (Male) |
| 9:31 | Create | Villager (Male) |
| 11:15 | Create | Villager (Male) |
| 11:20 | Research | Double-Bit Axe |
| 11:43 | Build | Mining Camp |
| 12:06 | Build | Farm |
| 12:06 | Build | Farm |
| 12:07 | Build | Farm |
| 12:07 | Build | Farm |
| 12:07 | Build | Farm |
| 12:08 | Build | Farm |
| 12:26 | Create | Villager (Male) |
| 12:26 | Create | Villager (Male) |
| 12:26 | Create | Villager (Male) |
| 12:34 | Build | House |
| 12:57 | Build | Mining Camp |
| 13:15 | Build | House |
| 13:22 | Build | House |
| 13:38 | Build | Farm |
| 13:45 | Build | Farm |
| 13:55 | Build | Farm |
| 13:58 | Create | Villager (Male) |
| 13:59 | Create | Villager (Male) |
| 14:51 | Create | Villager (Male) |
| 14:58 | Build | Farm |
| 15:07 | Build | Farm |
| 15:29 | Build | Lumber Camp |
| 15:33 | Create | Villager (Male) |
| 15:46 | Build | Farm |
| 16:14 | Create | Villager (Male) |
| 16:15 | Create | Villager (Male) |
| 16:25 | Build | Market |
| 16:48 | Create | Villager (Male) |
| 17:05 | Build | Blacksmith |
| 17:09 | Create | Villager (Male) |
| 17:26 | Build | Farm |
| 17:26 | Build | Farm |
| 17:27 | Build | Farm |
| 17:27 | Build | Farm |
| 17:28 | Build | Farm |
| 17:28 | Build | Farm |
| 17:29 | Build | Farm |
| 17:30 | Build | Farm |
| 17:42 | Research | Castle Age |
| 17:55 | Build | Farm |
| 18:09 | Build | Farm |
| 19:10 | Research | Horse Collar |
| 19:21 | Create | Villager (Male) |
| 19:21 | Create | Villager (Male) |
| 19:22 | Create | Villager (Male) |
| 19:22 | Create | Villager (Male) |
| 19:23 | Create | Villager (Male) |
| 19:23 | Create | Villager (Male) |
| 19:24 | Create | Villager (Male) |
| 19:24 | Create | Villager (Male) |
| 19:55 | Build | House |
| 19:57 | Build | House |
| 19:59 | Build | House |
| 20:22 | Research | Gold Mining |
| 20:40 | Build | Castle |
| 21:04 | Build | Town Center |
| 21:28 | Research | Heavy Plow |
| 21:53 | Build | Mining Camp |
| 22:28 | Create | Conquistador |
| 22:28 | Create | Conquistador |
| 22:28 | Create | Conquistador |
| 22:28 | Create | Conquistador |
| 22:29 | Create | Conquistador |
| 22:29 | Create | Conquistador |
| 22:29 | Create | Conquistador |
| 22:30 | Create | Conquistador |
| 22:43 | Create | Villager (Male) |
| 22:43 | Create | Villager (Male) |
| 23:42 | Create | Villager (Male) |
| 23:46 | Create | Villager (Male) |
| 23:46 | Create | Villager (Male) |
| 23:47 | Create | Villager (Male) |
| 23:47 | Create | Villager (Male) |
| 23:47 | Create | Villager (Male) |
| 23:58 | Build | Farm |
| 23:59 | Build | Farm |
| 24:26 | Build | House |
| 24:27 | Build | House |
| 24:29 | Build | House |
| 24:40 | Build | Farm |
| 24:50 | Build | Farm |
| 25:56 | Create | Villager (Male) |
| 25:57 | Create | Villager (Male) |
| 25:57 | Create | Villager (Male) |
| 25:57 | Create | Villager (Male) |
| 25:57 | Create | Villager (Male) |
| 26:02 | Create | Villager (Male) |
| 26:02 | Create | Villager (Male) |
| 26:03 | Create | Villager (Male) |
| 26:03 | Create | Villager (Male) |
| 26:03 | Create | Villager (Male) |
| 26:11 | Build | Farm |
| 26:11 | Build | Farm |
| 26:12 | Build | Farm |
| 26:13 | Build | Farm |
| 26:57 | Build | Town Center |
| 27:13 | Create | Conquistador |
| 27:13 | Create | Conquistador |
| 27:14 | Create | Conquistador |
| 27:14 | Create | Conquistador |
| 27:14 | Create | Conquistador |
| 27:15 | Create | Conquistador |
| 27:37 | Build | Siege Workshop |
| 28:13 | Build | Castle |
| 28:41 | Build | Castle |
Build order — BaseClient77868
First 150 of 178 actions detected
| 0:03 | Create | Villager (Male) ×3 |
| 0:07 | Build | House |
| 0:07 | Build | House |
| 0:09 | Build | House |
| 0:42 | Build | House |
| 1:37 | Create | Villager (Male) |
| 2:01 | Create | Villager (Male) |
| 3:02 | Create | Villager (Male) |
| 3:02 | Create | Villager (Male) |
| 3:13 | Create | Villager (Male) |
| 3:59 | Create | Villager (Male) |
| 4:00 | Create | Villager (Male) |
| 4:22 | Create | Villager (Male) |
| 4:23 | Create | Villager (Male) |
| 4:58 | Create | Villager (Male) |
| 5:23 | Create | Villager (Male) |
| 5:24 | Create | Villager (Male) |
| 5:46 | Build | Mill |
| 6:03 | Build | Lumber Camp |
| 6:58 | Create | Villager (Male) |
| 6:59 | Create | Villager (Male) |
| 6:59 | Create | Villager (Male) |
| 7:00 | Create | Villager (Male) |
| 7:48 | Create | Villager (Male) |
| 7:49 | Create | Villager (Male) |
| 7:49 | Create | Villager (Male) |
| 7:49 | Create | Villager (Male) |
| 9:48 | Research | Feudal Age |
| 10:50 | Build | Mill |
| 11:02 | Create | Villager (Male) ×12 |
| 11:07 | Build | House |
| 11:13 | Build | House |
| 11:17 | Build | House |
| 11:19 | Build | House |
| 11:20 | Build | House |
| 12:08 | Research | Horse Collar |
| 12:12 | Research | Double-Bit Axe |
| 14:36 | Build | Farm |
| 14:36 | Build | Farm |
| 14:36 | Build | Farm |
| 14:36 | Build | Farm |
| 14:36 | Build | Farm |
| 14:36 | Build | Farm |
| 14:36 | Build | Farm |
| 14:36 | Build | Farm |
| 14:36 | Build | Farm |
| 14:36 | Build | Farm |
| 14:37 | Build | Farm |
| 14:37 | Build | Farm |
| 14:37 | Build | Farm |
| 14:37 | Build | Farm |
| 14:37 | Build | Farm |
| 14:37 | Build | Farm |
| 14:37 | Build | Farm |
| 14:37 | Build | Farm |
| 14:37 | Build | Farm |
| 14:37 | Build | Farm |
| 14:37 | Build | Farm |
| 14:37 | Build | Farm |
| 14:37 | Build | Farm |
| 14:37 | Build | Farm |
| 14:37 | Build | Farm |
| 14:37 | Build | Farm |
| 14:37 | Build | Farm |
| 14:37 | Build | Farm |
| 14:37 | Build | Farm |
| 14:37 | Build | Farm |
| 14:37 | Build | Farm |
| 14:37 | Build | Farm |
| 14:37 | Build | Farm |
| 14:37 | Build | Farm |
| 14:37 | Build | Farm |
| 14:37 | Build | Farm |
| 14:37 | Build | Farm |
| 14:37 | Build | Farm |
| 14:37 | Build | Farm |
| 14:37 | Build | Farm |
| 14:37 | Build | Farm |
| 14:37 | Build | Farm |
| 15:01 | Build | Farm |
| 15:01 | Build | Farm |
| 15:01 | Build | Farm |
| 15:18 | Build | Farm |
| 15:18 | Build | Farm |
| 15:18 | Build | Farm |
| 15:18 | Build | Farm |
| 15:18 | Build | Farm |
| 15:18 | Build | Farm |
| 15:44 | Build | Farm |
| 15:45 | Build | Mining Camp |
| 15:51 | Build | Farm |
| 15:51 | Build | Farm |
| 15:51 | Build | Farm |
| 15:51 | Build | Farm |
| 15:51 | Build | Farm |
| 16:09 | Build | Farm |
| 16:17 | Build | Farm |
| 16:17 | Build | Farm |
| 16:17 | Build | Farm |
| 16:17 | Build | Farm |
| 16:17 | Build | Farm |
| 16:17 | Build | Farm |
| 16:34 | Build | Farm |
| 16:42 | Build | Farm |
| 16:42 | Build | Farm |
| 16:42 | Build | Farm |
| 16:42 | Build | Farm |
| 16:42 | Build | Mining Camp |
| 17:00 | Build | Farm |
| 17:07 | Build | Farm |
| 17:07 | Build | Farm |
| 17:33 | Build | Farm |
| 17:33 | Build | Farm |
| 17:38 | Build | Blacksmith |
| 17:41 | Create | Villager (Male) |
| 17:42 | Create | Villager (Male) |
| 17:42 | Create | Villager (Male) |
| 17:44 | Create | Villager (Male) |
| 17:44 | Create | Villager (Male) |
| 17:44 | Create | Villager (Male) |
| 18:10 | Build | Market |
| 18:32 | Build | Farm |
| 18:57 | Build | Farm |
| 19:16 | Research | Castle Age |
| 19:24 | Build | Farm |
| 19:24 | Build | Farm |
| 19:24 | Build | Farm |
| 19:24 | Build | Farm |
| 19:24 | Build | Farm |
| 19:24 | Build | Farm |
| 19:24 | Build | Farm |
| 19:24 | Build | Farm |
| 19:24 | Build | Farm |
| 19:24 | Build | Farm |
| 19:24 | Build | Farm |
| 19:46 | Research | Wheelbarrow |
| 19:47 | Create | Villager (Male) ×13 |
| 22:28 | Build | Town Center |
| 22:38 | Research | Heavy Plow |
| 22:42 | Research | Bow Saw |
| 22:55 | Build | Mining Camp |
| 23:01 | Build | Mining Camp |
| 23:05 | Build | Mining Camp |
| 23:08 | Build | Mining Camp |
| 23:30 | Build | Barracks |
| 23:39 | Build | Siege Workshop |
| 23:50 | Create | Villager (Male) ×15 |
| 23:51 | Create | Villager (Male) |
| 24:34 | Build | Archery Range |
| 24:35 | Build | Archery Range |
Build order — j55/tyl777
84 actions detected in the replay
| 0:08 | Create | Villager (Male) |
| 0:08 | Create | Villager (Male) |
| 0:08 | Create | Villager (Male) |
| 0:09 | Create | Villager (Male) |
| 0:22 | Build | House |
| 0:24 | Build | House |
| 2:30 | Create | Villager (Male) |
| 3:42 | Create | Villager (Male) |
| 3:43 | Create | Villager (Male) |
| 3:44 | Create | Villager (Male) |
| 3:44 | Create | Villager (Male) |
| 4:28 | Create | Villager (Male) |
| 4:28 | Create | Villager (Male) |
| 4:29 | Create | Villager (Male) |
| 4:29 | Create | Villager (Male) |
| 4:50 | Build | House |
| 5:08 | Build | House |
| 5:12 | Build | House |
| 5:13 | Build | House |
| 5:26 | Create | Villager (Male) |
| 5:26 | Create | Villager (Male) |
| 5:26 | Create | Villager (Male) |
| 5:27 | Create | Villager (Male) |
| 5:55 | Create | Villager (Male) |
| 5:56 | Create | Villager (Male) |
| 5:56 | Create | Villager (Male) |
| 7:16 | Create | Villager (Male) |
| 7:16 | Create | Villager (Male) |
| 8:16 | Build | Mill |
| 8:51 | Create | Villager (Male) |
| 8:51 | Create | Villager (Male) |
| 8:52 | Create | Villager (Male) |
| 8:52 | Create | Villager (Male) |
| 8:52 | Create | Villager (Male) |
| 9:54 | Create | Villager (Male) |
| 9:54 | Create | Villager (Male) |
| 10:59 | Create | Villager (Male) |
| 10:59 | Create | Villager (Male) |
| 12:04 | Build | Lumber Camp |
| 12:39 | Build | House |
| 12:41 | Build | House |
| 13:38 | Build | Mining Camp |
| 14:55 | Build | Mining Camp |
| 15:09 | Research | Feudal Age |
| 16:23 | Build | Mill |
| 16:33 | Research | Loom |
| 16:52 | Create | Villager (Male) |
| 16:52 | Create | Villager (Male) |
| 16:52 | Create | Villager (Male) |
| 16:53 | Create | Villager (Male) |
| 17:19 | Age | Feudal Age |
| 18:35 | Research | Castle Age |
| 21:17 | Research | Wheelbarrow |
| 21:22 | Create | Villager (Male) |
| 21:22 | Create | Villager (Male) |
| 22:04 | Age | Castle Age |
| 22:33 | Build | Castle |
| 23:09 | Build | Town Center |
| 24:03 | Build | Mining Camp |
| 24:32 | Build | Siege Workshop |
| 24:43 | Build | Stable |
| 25:39 | Build | Castle |
| 26:10 | Research | Hand Cart |
| 26:14 | Create | Villager (Male) |
| 26:14 | Create | Villager (Male) |
| 26:15 | Create | Villager (Male) |
| 26:15 | Create | Villager (Male) |
| 26:15 | Create | Villager (Male) |
| 26:16 | Create | Villager (Male) |
| 26:16 | Create | Villager (Male) |
| 26:52 | Create | Mangonel |
| 26:54 | Create | Mangonel |
| 27:16 | Build | Town Center |
| 27:42 | Create | Villager (Male) |
| 27:42 | Create | Villager (Male) |
| 27:43 | Create | Villager (Male) |
| 27:43 | Create | Villager (Male) |
| 28:20 | Build | Mill |
| 28:41 | Create | Villager (Male) |
| 28:41 | Create | Villager (Male) |
| 29:11 | Build | Castle |
| 29:30 | Build | Stone Wall |
| 29:37 | Build | Stone Wall |
| 29:52 | Build | Stone Wall |
Build order — Dx
150 actions detected in the replay
| 0:00 | Create | Villager (Male) |
| 0:01 | Create | Villager (Male) |
| 0:01 | Create | Villager (Male) |
| 0:03 | Build | House |
| 0:05 | Build | House |
| 0:09 | Create | Villager (Male) |
| 1:57 | Create | Villager (Male) |
| 2:10 | Create | Villager (Male) |
| 2:38 | Create | Villager (Male) |
| 2:59 | Create | Villager (Male) |
| 3:38 | Create | Villager (Male) |
| 4:08 | Create | Villager (Male) |
| 4:08 | Create | Villager (Male) |
| 4:17 | Build | House |
| 4:52 | Build | House |
| 4:54 | Create | Villager (Male) |
| 4:55 | Create | Villager (Male) |
| 5:32 | Build | Mill |
| 5:40 | Create | Villager (Male) |
| 5:40 | Create | Villager (Male) |
| 5:41 | Create | Villager (Male) |
| 6:22 | Create | Villager (Male) |
| 6:33 | Create | Villager (Male) |
| 6:52 | Build | Mining Camp |
| 7:04 | Build | Mining Camp |
| 7:07 | Create | Villager (Male) |
| 7:23 | Create | Villager (Male) |
| 7:30 | Build | Lumber Camp |
| 7:45 | Create | Villager (Male) |
| 8:04 | Create | Villager (Male) |
| 8:13 | Research | Feudal Age |
| 9:05 | Create | Villager (Male) |
| 9:11 | Build | House |
| 9:31 | Build | Mining Camp |
| 9:34 | Create | Villager (Male) |
| 9:55 | Build | Farm |
| 9:55 | Build | Farm |
| 9:59 | Build | Farm |
| 10:22 | Create | Villager (Male) |
| 10:23 | Age | Feudal Age |
| 10:42 | Create | Villager (Male) |
| 10:55 | Build | Blacksmith |
| 11:21 | Build | Farm |
| 11:35 | Create | Villager (Male) |
| 11:44 | Create | Villager (Male) |
| 12:03 | Create | Villager (Male) |
| 12:33 | Build | Farm |
| 13:13 | Create | Villager (Male) |
| 13:29 | Build | Market |
| 13:41 | Build | Farm |
| 14:03 | Research | Castle Age |
| 14:05 | Create | Villager (Male) |
| 14:19 | Build | House |
| 14:34 | Build | Farm |
| 14:53 | Build | Farm |
| 15:05 | Research | Double-Bit Axe |
| 15:42 | Create | Villager (Male) |
| 15:51 | Research | Horse Collar |
| 16:43 | Age | Castle Age |
| 16:47 | Create | Villager (Male) |
| 17:15 | Create | Villager (Male) |
| 17:25 | Build | Town Center |
| 17:34 | Create | Villager (Male) |
| 17:35 | Create | Villager (Male) |
| 17:37 | Create | Villager (Male) |
| 18:00 | Build | House |
| 18:03 | Build | House |
| 18:10 | Build | House |
| 18:14 | Build | Farm |
| 18:20 | Create | Villager (Male) |
| 18:21 | Create | Villager (Male) |
| 18:33 | Build | Farm |
| 18:42 | Research | Heavy Plow |
| 19:04 | Build | Castle |
| 19:05 | Create | Villager (Male) |
| 19:07 | Create | Villager (Male) |
| 19:10 | Build | Farm |
| 19:21 | Build | Farm |
| 19:27 | Create | Villager (Male) |
| 19:52 | Build | Farm |
| 20:10 | Build | Farm |
| 20:20 | Create | Villager (Male) |
| 20:21 | Create | Villager (Male) |
| 20:23 | Create | Villager (Male) |
| 20:34 | Build | Farm |
| 20:36 | Create | Villager (Male) |
| 20:54 | Create | Villager (Male) |
| 21:04 | Build | Mining Camp |
| 21:10 | Create | Villager (Male) |
| 21:21 | Build | Farm |
| 21:33 | Create | Organ Gun |
| 21:34 | Create | Organ Gun |
| 21:34 | Create | Organ Gun |
| 21:39 | Build | Farm |
| 21:47 | Research | Padded Archer Armor |
| 21:54 | Create | Villager (Male) |
| 21:57 | Build | Farm |
| 21:59 | Create | Villager (Male) |
| 22:20 | Create | Villager (Male) |
| 22:28 | Create | Villager (Male) |
| 22:45 | Create | Villager (Male) |
| 22:54 | Build | Monastery |
| 22:57 | Create | Villager (Male) |
| 22:58 | Create | Villager (Male) |
| 23:08 | Create | Villager (Male) |
| 23:13 | Create | Villager (Male) |
| 23:14 | Create | Villager (Male) |
| 23:35 | Create | Villager (Male) |
| 23:35 | Create | Villager (Male) |
| 23:49 | Create | Organ Gun |
| 23:50 | Create | Organ Gun |
| 24:01 | Create | Villager (Male) |
| 24:02 | Create | Villager (Male) |
| 24:15 | Create | Villager (Male) |
| 24:21 | Create | Villager (Male) |
| 24:22 | Create | Villager (Male) |
| 24:34 | Build | Castle |
| 24:44 | Create | Villager (Male) |
| 24:45 | Create | Villager (Male) |
| 25:01 | Create | Villager (Male) |
| 25:01 | Create | Villager (Male) |
| 25:02 | Create | Villager (Male) |
| 25:08 | Create | Villager (Male) |
| 25:08 | Create | Villager (Male) |
| 25:10 | Create | Villager (Male) |
| 25:50 | Create | Villager (Male) |
| 25:50 | Create | Villager (Male) |
| 25:51 | Create | Villager (Male) |
| 26:00 | Create | Villager (Male) |
| 26:14 | Create | Organ Gun ×5 |
| 26:14 | Create | Organ Gun ×5 |
| 26:14 | Create | Organ Gun |
| 26:26 | Create | Villager (Male) |
| 26:28 | Create | Villager (Male) |
| 26:35 | Create | Villager (Male) |
| 26:35 | Create | Villager (Male) |
| 26:53 | Create | Petard |
| 26:54 | Create | Petard |
| 26:54 | Create | Petard |
| 26:56 | Create | Villager (Male) |
| 26:57 | Create | Villager (Male) |
| 27:09 | Create | Villager (Male) |
| 27:32 | Create | Organ Gun ×5 |
| 27:32 | Create | Organ Gun ×5 |
| 27:40 | Create | Organ Gun |
| 27:40 | Create | Organ Gun |
| 27:40 | Create | Organ Gun |
| 29:07 | Create | Organ Gun ×5 |
| 29:07 | Create | Organ Gun ×5 |
| 29:07 | Create | Organ Gun ×4 |
Build order — DAMBRO
82 actions detected in the replay
| 0:16 | Build | House |
| 0:19 | Build | House |
| 0:34 | Create | Villager (Male) |
| 0:35 | Create | Villager (Male) |
| 0:35 | Create | Villager (Male) |
| 0:35 | Create | Villager (Male) |
| 0:35 | Create | Villager (Male) |
| 1:45 | Create | Villager (Male) |
| 1:45 | Create | Villager (Male) |
| 2:23 | Build | Lumber Camp |
| 2:28 | Create | Villager (Male) |
| 2:28 | Create | Villager (Male) |
| 2:48 | Create | Villager (Male) |
| 3:29 | Create | Villager (Male) |
| 4:16 | Create | Villager (Male) |
| 4:17 | Create | Villager (Male) |
| 5:19 | Build | House |
| 5:45 | Create | Villager (Male) |
| 5:45 | Create | Villager (Male) |
| 5:45 | Create | Villager (Male) |
| 5:45 | Create | Villager (Male) |
| 5:46 | Create | Villager (Male) |
| 5:46 | Create | Villager (Male) |
| 5:47 | Create | Villager (Male) |
| 5:47 | Create | Villager (Male) |
| 5:47 | Create | Villager (Male) |
| 6:39 | Create | Villager (Male) |
| 6:39 | Create | Villager (Male) |
| 6:40 | Create | Villager (Male) |
| 6:41 | Create | Villager (Male) |
| 6:42 | Create | Villager (Male) |
| 6:42 | Create | Villager (Male) |
| 6:43 | Create | Villager (Male) |
| 6:43 | Create | Villager (Male) |
| 6:43 | Create | Villager (Male) |
| 7:26 | Create | Villager (Male) |
| 7:26 | Create | Villager (Male) |
| 7:26 | Create | Villager (Male) |
| 7:38 | Build | House |
| 7:46 | Build | House |
| 7:47 | Build | House |
| 7:49 | Build | House |
| 8:04 | Build | Mill |
| 8:13 | Create | Villager (Male) |
| 8:14 | Create | Villager (Male) |
| 8:14 | Create | Villager (Male) |
| 8:20 | Create | Villager (Male) |
| 8:21 | Create | Villager (Male) |
| 8:49 | Create | Villager (Male) |
| 8:49 | Create | Villager (Male) |
| 8:50 | Create | Villager (Male) |
| 9:24 | Research | Feudal Age |
| 9:56 | Build | Farm |
| 9:56 | Build | Farm |
| 9:57 | Build | Farm |
| 9:58 | Build | Farm |
| 11:40 | Age | Feudal Age |
| 13:43 | Build | Farm |
| 13:44 | Build | Farm |
| 13:44 | Build | Farm |
| 13:44 | Build | Farm |
| 13:44 | Build | Farm |
| 13:45 | Build | Farm |
| 13:45 | Build | Farm |
| 13:58 | Create | Villager (Male) |
| 13:58 | Create | Villager (Male) |
| 13:59 | Create | Villager (Male) |
| 13:59 | Create | Villager (Male) |
| 13:59 | Create | Villager (Male) |
| 13:59 | Create | Villager (Male) |
| 14:00 | Create | Villager (Male) |
| 14:09 | Build | Mining Camp |
| 14:21 | Create | Villager (Male) |
| 14:22 | Create | Villager (Male) |
| 14:22 | Create | Villager (Male) |
| 15:04 | Create | Villager (Male) |
| 15:05 | Create | Villager (Male) |
| 15:05 | Create | Villager (Male) |
| 15:16 | Build | Farm |
| 15:17 | Build | Farm |
| 15:21 | Build | Farm |
| 15:21 | Build | Farm |
Build order — Juicee
98 actions detected in the replay
| 0:03 | Build | House |
| 0:04 | Build | House |
| 0:12 | Build | House |
| 0:13 | Build | House |
| 0:14 | Build | House |
| 0:16 | Create | Villager (Male) |
| 0:17 | Create | Villager (Male) |
| 0:17 | Create | Villager (Male) |
| 0:17 | Create | Villager (Male) |
| 0:17 | Create | Villager (Male) |
| 1:36 | Build | House |
| 1:55 | Create | Villager (Male) |
| 1:55 | Create | Villager (Male) |
| 2:32 | Create | Villager (Male) |
| 2:32 | Create | Villager (Male) |
| 3:48 | Create | Villager (Male) |
| 3:48 | Create | Villager (Male) |
| 3:48 | Create | Villager (Male) |
| 3:48 | Create | Villager (Male) |
| 4:19 | Create | Villager (Male) |
| 4:19 | Create | Villager (Male) |
| 5:47 | Create | Villager (Male) |
| 5:48 | Create | Villager (Male) |
| 5:48 | Create | Villager (Male) |
| 5:48 | Create | Villager (Male) |
| 5:49 | Create | Villager (Male) |
| 5:49 | Create | Villager (Male) |
| 7:08 | Build | Lumber Camp |
| 7:26 | Build | Mill |
| 8:26 | Research | Feudal Age |
| 8:57 | Build | House |
| 8:58 | Build | House |
| 9:00 | Build | House |
| 9:09 | Build | Mining Camp |
| 9:58 | Create | Villager (Male) |
| 9:58 | Create | Villager (Male) |
| 9:59 | Create | Villager (Male) |
| 9:59 | Create | Villager (Male) |
| 9:59 | Create | Villager (Male) |
| 10:23 | Build | House |
| 10:36 | Age | Feudal Age |
| 10:43 | Create | Villager (Male) |
| 10:46 | Research | Wheelbarrow |
| 10:50 | Research | Horse Collar |
| 10:57 | Research | Double-Bit Axe |
| 11:13 | Build | House |
| 11:39 | Build | Farm |
| 11:59 | Build | Mining Camp |
| 13:14 | Build | Blacksmith |
| 13:37 | Research | Horse Collar |
| 14:05 | Build | Lumber Camp |
| 14:34 | Create | Villager (Male) ×5 |
| 14:55 | Research | Stone Mining |
| 15:03 | Build | Farm |
| 15:21 | Build | Farm |
| 15:21 | Build | Farm |
| 15:48 | Research | Gold Mining |
| 16:24 | Build | Farm |
| 16:25 | Build | Farm |
| 16:26 | Build | Farm |
| 16:46 | Build | Farm |
| 17:30 | Build | Market |
| 17:40 | Research | Town Watch |
| 18:27 | Build | Farm |
| 18:34 | Build | Farm |
| 18:34 | Build | Farm |
| 18:59 | Research | Castle Age |
| 19:35 | Research | Padded Archer Armor |
| 19:46 | Create | Villager (Male) ×2 |
| 20:22 | Build | Farm |
| 20:48 | Create | Trade Cart ×5 |
| 21:39 | Age | Castle Age |
| 21:46 | Build | Castle |
| 22:00 | Create | Villager (Male) ×5 |
| 22:36 | Research | Caravan |
| 23:33 | Create | Longbowman ×5 |
| 23:33 | Create | Longbowman ×5 |
| 23:34 | Create | Longbowman ×5 |
| 24:10 | Research | Gold Shaft Mining |
| 24:25 | Build | Town Center |
| 24:37 | Build | Farm |
| 25:33 | Research | Hand Cart |
| 25:34 | Create | Villager (Male) ×4 |
| 26:07 | Build | Farm |
| 26:08 | Build | Farm |
| 26:11 | Research | Heavy Plow |
| 26:34 | Research | Bow Saw |
| 26:50 | Create | Villager (Male) |
| 27:05 | Build | University |
| 27:21 | Build | Town Center |
| 27:32 | Build | Farm |
| 27:41 | Research | Leather Archer Armor |
| 27:42 | Research | Fletching |
| 28:43 | Research | Ballistics |
| 29:58 | Create | Longbowman ×5 |
| 29:58 | Create | Longbowman ×5 |
| 29:58 | Create | Longbowman ×5 |
| 29:58 | Create | Longbowman ×5 |
Build order — LewisHamil10
110 actions detected in the replay
| 0:12 | Build | House |
| 0:28 | Create | Villager (Male) |
| 0:28 | Create | Villager (Male) |
| 0:29 | Create | Villager (Male) |
| 0:29 | Create | Villager (Male) |
| 0:29 | Create | Villager (Male) |
| 0:46 | Build | House |
| 0:47 | Build | House |
| 0:49 | Build | House |
| 1:59 | Build | Mill |
| 2:06 | Create | Villager (Male) |
| 2:38 | Create | Villager (Male) |
| 3:09 | Create | Villager (Male) |
| 3:37 | Create | Villager (Male) |
| 4:02 | Create | Villager (Male) |
| 4:34 | Create | Villager (Male) |
| 4:51 | Create | Villager (Male) |
| 4:54 | Create | Villager (Male) |
| 5:23 | Create | Villager (Male) |
| 5:39 | Build | Lumber Camp |
| 5:46 | Create | Villager (Male) |
| 6:04 | Create | Villager (Male) |
| 6:05 | Create | Villager (Male) |
| 7:57 | Build | Farm |
| 8:04 | Build | Farm |
| 8:48 | Research | Feudal Age |
| 8:52 | Build | Farm |
| 8:55 | Build | Farm |
| 9:04 | Build | Farm |
| 9:31 | Build | Farm |
| 9:51 | Build | House |
| 10:02 | Create | Villager (Male) |
| 10:02 | Create | Villager (Male) |
| 10:04 | Create | Villager (Male) |
| 10:04 | Create | Villager (Male) |
| 10:21 | Build | House |
| 10:26 | Create | Villager (Male) |
| 10:26 | Create | Villager (Male) |
| 10:47 | Build | House |
| 10:58 | Age | Feudal Age |
| 11:02 | Build | House |
| 11:12 | Create | Villager (Male) |
| 11:13 | Create | Villager (Male) |
| 11:14 | Create | Villager (Male) |
| 11:34 | Build | Market |
| 12:21 | Build | Mining Camp |
| 13:06 | Build | Blacksmith |
| 13:32 | Build | Farm |
| 13:41 | Research | Double-Bit Axe |
| 13:55 | Build | House |
| 14:00 | Build | Farm |
| 14:20 | Build | Farm |
| 14:49 | Build | Lumber Camp |
| 14:56 | Build | Farm |
| 15:16 | Build | Farm |
| 16:19 | Build | Farm |
| 16:25 | Research | Castle Age |
| 16:44 | Create | Villager (Male) |
| 16:44 | Create | Villager (Male) |
| 17:11 | Research | Horse Collar |
| 17:29 | Build | Barracks |
| 17:58 | Build | House |
| 17:59 | Build | House |
| 18:01 | Build | House |
| 18:02 | Build | House |
| 18:30 | Build | Lumber Camp |
| 18:44 | Build | Stable |
| 19:05 | Age | Castle Age |
| 19:08 | Create | Villager (Male) |
| 19:08 | Create | Villager (Male) |
| 19:08 | Create | Villager (Male) |
| 19:09 | Create | Villager (Male) |
| 19:09 | Create | Villager (Male) |
| 19:09 | Create | Villager (Male) |
| 19:59 | Build | Town Center |
| 20:44 | Build | Farm |
| 20:51 | Create | Villager (Male) |
| 20:51 | Create | Villager (Male) |
| 20:51 | Create | Villager (Male) |
| 21:01 | Build | Farm |
| 21:09 | Research | Heavy Plow |
| 21:12 | Research | Bow Saw |
| 21:26 | Create | Villager (Male) |
| 21:27 | Create | Villager (Male) |
| 21:52 | Build | Monastery |
| 21:55 | Create | Villager (Male) |
| 21:56 | Create | Villager (Male) |
| 22:17 | Build | Lumber Camp |
| 22:23 | Create | Villager (Male) |
| 22:23 | Create | Villager (Male) |
| 22:23 | Create | Villager (Male) |
| 22:36 | Build | Siege Workshop |
| 22:52 | Build | Lumber Camp |
| 23:01 | Build | Farm |
| 23:09 | Create | Monk |
| 23:10 | Create | Monk |
| 23:27 | Build | Farm |
| 23:37 | Build | Mining Camp |
| 23:42 | Build | Farm |
| 23:47 | Build | Farm |
| 23:52 | Build | Farm |
| 23:58 | Create | Scout Cavalry |
| 23:59 | Create | Scout Cavalry |
| 23:59 | Create | Scout Cavalry |
| 24:00 | Create | Scout Cavalry |
| 24:00 | Create | Scout Cavalry |
| 24:00 | Create | Scout Cavalry |
| 24:13 | Create | Battering Ram |
| 24:13 | Create | Battering Ram |
| 24:30 | Build | Farm |
Match timeline
| 9:22 | Bebito6662726 · first_building Barracks |
| 10:13 | kenyi.yoshino · age_up feudal |
| 10:23 | Dx · age_up feudal |
| 10:36 | Juicee · age_up feudal |
| 10:58 | LewisHamil10 · age_up feudal |
| 11:40 | DAMBRO · age_up feudal |
| 16:43 | Dx · age_up castle |
| 17:19 | j55/tyl777 · age_up feudal |
| 17:29 | LewisHamil10 · first_building Barracks |
| 18:36 | DAMBRO · resign |
| 18:44 | LewisHamil10 · first_building Stable |
| 18:57 | Juicee · first_market_buy 100 food |
| 19:04 | Dx · first_building Castle |
| 19:05 | LewisHamil10 · age_up castle |
| 19:32 | kenyi.yoshino · first_building Barracks |
| 20:35 | kenyi.yoshino · age_up castle |
| 20:40 | Bebito6662726 · first_building Castle |
| 21:39 | Juicee · age_up castle |
| 21:46 | Juicee · first_building Castle |
| 21:52 | LewisHamil10 · first_building Monastery |
| 22:04 | j55/tyl777 · age_up castle |
| 22:33 | j55/tyl777 · first_building Castle |
| 22:36 | LewisHamil10 · first_building Siege Workshop |
| 22:54 | Dx · first_building Monastery |
| 23:30 | BaseClient77868 · first_building Barracks |
| 23:39 | BaseClient77868 · first_building Siege Workshop |
| 24:07 | kenyi.yoshino · first_building Stable |
| 24:32 | j55/tyl777 · first_building Siege Workshop |
| 24:34 | BaseClient77868 · first_building Archery Range |
| 24:43 | j55/tyl777 · first_building Stable |
| 25:24 | Bebito6662726 · first_market_buy 100 stone |
| 25:56 | kenyi.yoshino · first_building Monastery |
| 26:23 | Juicee · first_market_sell 100 stone |
| 27:37 | Bebito6662726 · first_building Siege Workshop |
| 28:57 | BaseClient77868 · first_building Castle |
| 29:30 | j55/tyl777 · wall_segment Stone Wall x25 |
| 29:37 | j55/tyl777 · wall_segment Stone Wall x17 |
| 29:52 | j55/tyl777 · wall_segment Stone Wall x19 |
[ AI ANALYSIS · 1 CREDIT ]
What really happened in this match?
Wolo.gg analyzes every decision: build order, eco, micro, common mistakes by bracket. Personalized analysis on WhatsApp or Discord in 30 seconds.
Civ guide
Persians
Map guide
Arena
Perfil
kenyi.yoshino